[Event "European School Girls U9 Championship 2024"]
[Site "Limerick IRL"]
[Date "2024.06.03"]
[Round "5.4"]
[White "Budumlu, Masal"]
[Black "Taradajko, Helena"]
[Result "1-0"]
[WhiteElo "1419"]
[BlackElo "1622"]
[WhiteNationality "TUR"]
[BlackNationality "POL"]
[WhiteFideId "51678462"]
[BlackFideId "41848276"]
[PlyCount "171"]
[ECO "E61"]
[Opening "King's Indian defence, 3.Nc3"]
[FIDETournamentId "372868"]
[ChessResultsKey "950043"]
[Venue "Main Building, University of Limerick"]
[EventDate "2024.05.31"]
[EventRounds "9"]
[TimeControl "5400+30"]

{ Event information: <a
href="https://www.irlchess.com/europeanschool2024g9_allfiles/pairings_europeanschool2024g9.html">Tournament
report</a>. }

1. d4 Nf6 2. c4 g6 3. Nc3 Bg7 4. g3 d5 5. cxd5 Nxd5 6. Bg2 Nb6 7. e3 c6 8.
Nf3 N8d7 9. O-O O-O 10. b3 Nf6 11. Bb2 Nfd5 12. Rc1 Nxc3 13. Bxc3 Nd5 14.
Re1 Nxc3 15. Rxc3 Bf5 16. Nh4 Bd7 17. Nf3 Rc8 18. Rd3 Qa5 19. Qd2 Qxd2 20.
Rxd2 Rfd8 21. Red1 Be8 22. Bh3 Bd7 23. Bg2 Bf5 24. Nh4 Be6 25. Nf3 h6 26.
h3 Bd5 27. Ne1 Be6 28. Nd3 f5 29. Nc5 Bd5 30. Nxb7 Bxg2 31. Kxg2 Rd5 32.
Nc5 Kf7 33. f4 g5 34. fxg5 hxg5 35. Rf1 Kg6 36. Rdf2 Rh8 37. Nd3 Rf8 38.
Nb4 Rd6 39. Rc2 Rc8 40. Rfc1 g4 41. hxg4 fxg4 42. Rxc6 Rcxc6 43. Rxc6 Bh6
44. Rxd6+ exd6 45. e4 Bg7 46. Nc6 a6 47. a4 Kf7 48. Kf2 Ke6 49. Ke3 Bh6+
50. Kd3 d5 51. exd5+ Kxd5 52. Nb4+ Kd6 53. Nxa6 Kc6 54. Nc5 Bf8 55. Kc4 Bd6
56. Ne4 Bb8 57. b4 Kb6 58. a5+ Ka7 59. d5 Bc7 60. d6 Bd8 61. Nf2 Kb7 62.
Kc5 Bg5 63. Nxg4 Kc8 64. a6 Kb8 65. Kc6 Ka7 66. b5 Bd8 67. Ne5 Kb8 68. d7
Ka7 69. Nf7 Bb6 70. d8=Q Bxd8 71. Nxd8 Kb8 72. g4 Ka7 73. g5 Kb8 74. g6 Kc8
75. a7 Kxd8 76. a8=Q+ Ke7 77. b6 Kf6 78. b7 Kxg6 79. b8=Q Kf5 80. Qf8+ Ke5
81. Qae8+ Kd4 82. Qd6+ Kc4 83. Qe4+ Kc3 84. Qdd3+ Kb2 85. Qee2+ Kc1 86.
Qdd1# 1-0

[Event "European School Girls U9 Championship 2024"]
[Site "Limerick IRL"]
[Date "2024.06.03"]
[Round "5.5"]
[White "Keser, Irmak"]
[Black "Grigore, Melania-Cristina"]
[Result "1/2-1/2"]
[WhiteElo "1636"]
[BlackElo "1438"]
[WhiteNationality "TUR"]
[BlackNationality "ROU"]
[WhiteFideId "51642840"]
[BlackFideId "42208432"]
[PlyCount "78"]
[ECO "D02"]
[Opening "Queen's pawn game"]
[FIDETournamentId "372868"]
[ChessResultsKey "950043"]
[Venue "Main Building, University of Limerick"]
[EventDate "2024.05.31"]
[EventRounds "9"]
[TimeControl "5400+30"]

{ Event information: <a
href="https://www.irlchess.com/europeanschool2024g9_allfiles/pairings_europeanschool2024g9.html">Tournament
report</a>. }

1. d4 d5 2. Nf3 Nf6 3. g3 e6 4. Bg2 Bd6 5. O-O O-O 6. c4 c6 7. Nc3 Nbd7 8.
b3 b6 9. Nd2 Bb7 10. e4 Be7 11. e5 Ne8 12. f4 Nc7 13. Bb2 Bb4 14. a3 Bxc3
15. Bxc3 c5 16. b4 Rb8 17. Qg4 a6 18. bxc5 bxc5 19. dxc5 Nxc5 20. Bb4 Nd3
21. Bxf8 Qxf8 22. Kh1 Qc5 23. Qe2 dxc4 24. Bxb7 Rxb7 25. Rab1 Rxb1 26. Rxb1
h6 27. Rf1 Nd5 28. Rf3 Nc3 29. Qe3 Qd5 30. Kg2 Nd1 31. Qe2 Nc3 32. Qf1 g5
33. Kh3 f5 34. exf6 g4+ 35. Kxg4 Qf5+ 36. Kh4 h5 37. Qh3 Qxf6+ 38. Kxh5
Qh8+ 39. Kg4 Qg7+ 1/2-1/2

[Event "European School Girls U9 Championship 2024"]
[Site "Limerick IRL"]
[Date "2024.06.04"]
[Round "6.2"]
[White "Taradajko, Helena"]
[Black "Keser, Irmak"]
[Result "1-0"]
[WhiteElo "1622"]
[BlackElo "1636"]
[WhiteNationality "POL"]
[BlackNationality "TUR"]
[WhiteFideId "41848276"]
[BlackFideId "51642840"]
[PlyCount "139"]
[ECO "D52"]
[Opening "QGD"]
[Variation "Cambridge Springs defence, Bogoljubow variation"]
[FIDETournamentId "372868"]
[ChessResultsKey "950043"]
[Venue "Main Building, University of Limerick"]
[EventDate "2024.05.31"]
[EventRounds "9"]
[TimeControl "5400+30"]

{ Event information: <a
href="https://www.irlchess.com/europeanschool2024g9_allfiles/pairings_europeanschool2024g9.html">Tournament
report</a>. }

1. d4 d5 2. c4 e6 3. Nc3 Nf6 4. Bg5 Nbd7 5. e3 c6 6. Nf3 Qa5 7. Nd2 Bb4 8.
Qc2 O-O 9. Be2 Ne4 10. Ndxe4 dxe4 11. Bh4 e5 12. a3 f5 13. O-O Bxc3 14.
Qxc3 Qc7 15. d5 cxd5 16. cxd5 Qd6 17. Rac1 Kh8 18. Rfd1 Nf6 19. Qc5 Qxc5
20. Rxc5 h6 21. Bxf6 gxf6 22. d6 Rf7 23. Rc7 Be6 24. Bh5 Rd7 25. Rxd7 Bxd7
26. f3 exf3 27. gxf3 Rc8 28. e4 f4 29. Bf7 Kg7 30. Bd5 b6 31. b3 Kf8 32. a4
a5 33. Bc4 Ke8 34. Kf2 Rc5 35. Rg1 Bc8 36. Rg6 Kd7 37. Rxf6 Ke8 38. Rxh6
Kd7 39. Bb5+ Rxb5 40. axb5 Kd8 41. Rh7 Be6 42. h4 Bxb3 43. h5 a4 44. Ra7
Ke8 45. h6 Bg8 46. h7 Bxh7 47. Rxh7 a3 48. Ra7 a2 49. Rxa2 Kd7 50. Rd2 Ke8
51. Rd5 Kd7 52. Ke2 Kc8 53. Rxe5 Kd7 54. Rd5 Ke8 55. e5 Kd7 56. e6+ Kxe6
57. d7 Kxd5 58. d8=Q+ Ke6 59. Qg5 Kd6 60. Qf5 Ke7 61. Qg6 Kd7 62. Qf6 Kc7
63. Qe6 Kb7 64. Qd6 Ka7 65. Qe7+ Kb8 66. Kd3 Kc8 67. Kd4 Kb8 68. Kd5 Kc8
69. Kc6 Kb8 70. Qb7# 1-0

[Event "European School Girls U9 Championship 2024"]
[Site "Limerick IRL"]
[Date "2024.06.04"]
[Round "6.3"]
[White "Pavlova, Maria"]
[Black "Budumlu, Masal"]
[Result "1-0"]
[WhiteElo "1467"]
[BlackElo "1419"]
[WhiteNationality "BUL"]
[BlackNationality "TUR"]
[WhiteFideId "2950960"]
[BlackFideId "51678462"]
[PlyCount "99"]
[ECO "C50"]
[Opening "Giuoco Pianissimo"]
[FIDETournamentId "372868"]
[ChessResultsKey "950043"]
[Venue "Main Building, University of Limerick"]
[EventDate "2024.05.31"]
[EventRounds "9"]
[TimeControl "5400+30"]

{ Event information: <a
href="https://www.irlchess.com/europeanschool2024g9_allfiles/pairings_europeanschool2024g9.html">Tournament
report</a>. }

1. e4 e5 2. Nf3 Nc6 3. Bc4 Nf6 4. d3 Bc5 5. c3 Bb6 6. O-O h6 7. d4 exd4 8.
cxd4 d5 9. exd5 Nxd5 10. Qb3 Be6 11. Re1 O-O 12. Qd3 Ndb4 13. Qc3 Bf5 14.
Na3 Bxd4 15. Nxd4 Qxd4 16. Qb3 a6 17. Be3 Qd6 18. Rad1 Qg6 19. Rd2 Rfd8 20.
Qc3 Rxd2 21. Bxd2 b5 22. Bb3 Nd3 23. Rd1 Bh3 24. Bd5 Ndb4 25. Bxc6 Nxc6 26.
Qxh3 b4 27. Nc4 Rd8 28. Qf3 Rd3 29. Qe2 Nd4 30. Qe8+ Kh7 31. Kf1 Qg4 32. f3
Qg6 33. Ne5 Qf5 34. Nxd3 Qxd3+ 35. Kf2 Qc2 36. Qe4+ Qxe4 37. fxe4 Nc6 38.
Bf4 g5 39. Bxc7 Kg7 40. Rd6 Ne5 41. Rxa6 Nd3+ 42. Ke2 Nc5 43. Ra5 Nxe4 44.
Be5+ Nf6 45. Ra6 Kg6 46. Rxf6+ Kh5 47. h3 g4 48. Bf4 gxh3 49. gxh3 Kh4 50.
Rxh6# 1-0

[Event "European School Girls U9 Championship 2024"]
[Site "Limerick IRL"]
[Date "2024.06.04"]
[Round "6.5"]
[White "Constantin-Ciuntu, Anne-Sophie"]
[Black "Gutserieva, Bierta"]
[Result "1-0"]
[WhiteElo "1589"]
[BlackElo "1429"]
[WhiteNationality "ROU"]
[BlackNationality "UKR"]
[WhiteFideId "42210054"]
[BlackFideId "34174818"]
[PlyCount "71"]
[ECO "D02"]
[Opening "Queen's pawn game"]
[FIDETournamentId "372868"]
[ChessResultsKey "950043"]
[Venue "Main Building, University of Limerick"]
[EventDate "2024.05.31"]
[EventRounds "9"]
[TimeControl "5400+30"]

{ Event information: <a
href="https://www.irlchess.com/europeanschool2024g9_allfiles/pairings_europeanschool2024g9.html">Tournament
report</a>. }

1. d4 d5 2. Nf3 e6 3. e3 Be7 4. Bd3 Nf6 5. Nbd2 O-O 6. O-O c5 7. c3 Nc6 8.
Re1 h6 9. Qe2 b6 10. dxc5 bxc5 11. e4 d4 12. e5 Nd5 13. Qe4 f5 14. exf6
Nxf6 15. Qxc6 Bd7 16. Qa6 Nd5 17. Be4 Rb8 18. Bxd5 exd5 19. Qe2 Re8 20. Ne5
Bb5 21. Qh5 Rf8 22. Ng6 Re8 23. Nxe7+ Rxe7 24. Rxe7 Qxe7 25. Qxd5+ Kh8 26.
Qe4 Qf7 27. Nf3 Re8 28. Qf4 Qe7 29. Bd2 Rf8 30. Qe5 Qb7 31. Qxc5 Qb8 32.
Qxd4 Bc6 33. Ne5 Be8 34. Bxh6 Kg8 35. Nd7 Qc7 36. Qxg7# 1-0

[Event "European School Girls U9 Championship 2024"]
[Site "Limerick IRL"]
[Date "2024.06.05"]
[Round "7.2"]
[White "Tolan, Eslem"]
[Black "Constantin-Ciuntu, Anne-Sophie"]
[Result "1-0"]
[WhiteElo "1566"]
[BlackElo "1589"]
[WhiteNationality "TUR"]
[BlackNationality "ROU"]
[WhiteFideId "51681188"]
[BlackFideId "42210054"]
[PlyCount "113"]
[ECO "B07"]
[Opening "Pirc defence"]
[FIDETournamentId "372868"]
[ChessResultsKey "950043"]
[Venue "Main Building, University of Limerick"]
[EventDate "2024.05.31"]
[EventRounds "9"]
[TimeControl "5400+30"]

{ Event information: <a
href="https://www.irlchess.com/europeanschool2024g9_allfiles/pairings_europeanschool2024g9.html">Tournament
report</a>. }

1. e4 d6 2. d4 Nf6 3. Nc3 Nbd7 4. Be3 e5 5. dxe5 dxe5 6. Bc4 Be7 7. Nf3 h6
8. h3 c6 9. a3 Qc7 10. Qe2 a5 11. O-O Nf8 12. Rad1 g5 13. Nh2 Rg8 14. f3
Ng6 15. Ng4 Nxg4 16. fxg4 Nf4 17. Qf2 b5 18. Bxf7+ Kxf7 19. g3 Ba6 20. gxf4
gxf4 21. Ne2 Bd6 22. Bb6 Qe7 23. Rd2 Rab8 24. Rfd1 Rg6 25. Kh2 Rb7 26. Bxa5
Bc5 27. Qf3 Rd6 28. Rxd6 Bxd6 29. Bc3 b4 30. axb4 Bxb4 31. Bxb4 Qxb4 32. g5
hxg5 33. Qh5+ Ke6 34. Qg6+ Ke7 35. Qxg5+ Ke6 36. Qf5+ Ke7 37. Qxe5+ Kf7 38.
Qf5+ Ke7 39. Qe5+ Kf7 40. Qxf4+ Ke8 41. Qe5+ Qe7 42. Qh8+ Kf7 43. Qh5+ Kf8
44. Rf1+ Kg8 45. Rg1+ Kf8 46. Qh8+ Kf7 47. Rg7+ Ke6 48. Rxe7+ Rxe7 49. Nf4+
Kd7 50. Qd4+ Ke8 51. h4 Rh7 52. Qf6 Bb5 53. h5 Rf7 54. Qe6+ Re7 55. Qg6+
Kf8 56. h6 Bc4 57. h7 1-0

[Event "European School Girls U9 Championship 2024"]
[Site "Limerick IRL"]
[Date "2024.06.05"]
[Round "7.4"]
[White "Keser, Irmak"]
[Black "Pavlova, Maria"]
[Result "0-1"]
[WhiteElo "1636"]
[BlackElo "1467"]
[WhiteNationality "TUR"]
[BlackNationality "BUL"]
[WhiteFideId "51642840"]
[BlackFideId "2950960"]
[PlyCount "148"]
[ECO "E18"]
[Opening "Queen's Indian"]
[Variation "old main line, 7.Nc3"]
[FIDETournamentId "372868"]
[ChessResultsKey "950043"]
[Venue "Main Building, University of Limerick"]
[EventDate "2024.05.31"]
[EventRounds "9"]
[TimeControl "5400+30"]

{ Event information: <a
href="https://www.irlchess.com/europeanschool2024g9_allfiles/pairings_europeanschool2024g9.html">Tournament
report</a>. }

1. Nf3 Nf6 2. g3 b6 3. Bg2 Bb7 4. O-O e6 5. c4 Be7 6. d4 O-O 7. Nc3 Ne4 8.
Qc2 f5 9. Bf4 c5 10. Rfd1 Nc6 11. a3 a5 12. Nxe4 fxe4 13. d5 exf3 14. dxc6
Bxc6 15. exf3 d6 16. Qe2 Rf6 17. Rd2 Qf8 18. Re1 e5 19. Bg5 Rf5 20. Bxe7
Qxe7 21. f4 Bxg2 22. Kxg2 Qb7+ 23. Qe4 Qxe4+ 24. Rxe4 exf4 25. Rxd6 fxg3
26. hxg3 Rf6 27. Ree6 Rxe6 28. Rxe6 Rb8 29. Re5 Kf7 30. f4 Re8 31. Kf3 Rxe5
32. fxe5 h6 33. g4 Ke6 34. Kf4 g5+ 35. Ke4 a4 36. Kf3 Kxe5 37. Ke3 Kd6 38.
Kd3 Ke5 39. Ke3 Kf6 40. Kf3 Kg6 41. Kg3 h5 42. gxh5+ Kxh5 43. Kh3 Kg6 44.
Kg4 Kf6 45. Kf3 Kf5 46. Kg3 g4 47. Kg2 Kf4 48. Kf2 g3+ 49. Kg2 Kg4 50. Kg1
Kf4 51. Kg2 Ke4 52. Kxg3 Kd4 53. Kf4 Kxc4 54. Ke4 Kb3 55. Kd3 Kxb2 56. Kc4
Kxa3 57. Kc3 b5 58. Kc2 b4 59. Kb1 c4 60. Ka1 b3 61. Kb1 b2 62. Kc2 Ka2 63.
Kc3 b1=Q 64. Kd2 Qd3+ 65. Kc1 Qh3 66. Kc2 c3 67. Kd1 Qf1+ 68. Kc2 Qe2+ 69.
Kxc3 Kb1 70. Kb4 Qe3 71. Kxa4 Qb6 72. Ka3 Kc2 73. Ka4 Kc3 74. Ka3 Qa5# 0-1

[Event "European School Girls U9 Championship 2024"]
[Site "Limerick IRL"]
[Date "2024.06.05"]
[Round "7.5"]
[White "Grigore, Melania-Cristina"]
[Black "Taradajko, Helena"]
[Result "0-1"]
[WhiteElo "1438"]
[BlackElo "1622"]
[WhiteNationality "ROU"]
[BlackNationality "POL"]
[WhiteFideId "42208432"]
[BlackFideId "41848276"]
[PlyCount "106"]
[ECO "B34"]
[Opening "Sicilian"]
[Variation "accelerated fianchetto, modern variation"]
[FIDETournamentId "372868"]
[ChessResultsKey "950043"]
[Venue "Main Building, University of Limerick"]
[EventDate "2024.05.31"]
[EventRounds "9"]
[TimeControl "5400+30"]

{ Event information: <a
href="https://www.irlchess.com/europeanschool2024g9_allfiles/pairings_europeanschool2024g9.html">Tournament
report</a>. }

1. e4 c5 2. Nf3 Nc6 3. d4 cxd4 4. Nxd4 g6 5. Nc3 Bg7 6. Be3 Nf6 7. Nb3 O-O
8. Qd2 Ng4 9. Bf4 f5 10. f3 Nge5 11. O-O-O a5 12. a4 fxe4 13. fxe4 b6 14.
Bxe5 Nxe5 15. Qd5+ e6 16. Qxa8 Nc6 17. Qxc6 Qg5+ 18. Kb1 dxc6 19. g3 c5 20.
Bc4 Bxc3 21. bxc3 Qe5 22. Rd3 Qxe4 23. Rhd1 Qxc4 24. Rd8 Ba6 25. Rxf8+ Kxf8
26. Rd8+ Ke7 27. Ra8 Kf6 28. Rf8+ Ke5 29. Kb2 Qxa4 30. Rf4 Qb5 31. Kc1 g5
32. Rg4 Kf5 33. Rd4 a4 34. Rd1 axb3 35. cxb3 Qxb3 36. Rd2 Qxc3+ 37. Kd1
Qa1+ 38. Kc2 Qa2+ 39. Kc1 Qxd2+ 40. Kxd2 c4 41. Kc3 Ke4 42. Kc2 Kd4 43. Kd2
c3+ 44. Kc1 Kd3 45. h4 gxh4 46. gxh4 h5 47. Kd1 c2+ 48. Kc1 e5 49. Kb2 Kd2
50. Kb3 c1=Q 51. Ka4 Qb1 52. Ka3 Kc2 53. Ka4 Qb3# 0-1

[Event "European School Girls U9 Championship 2024"]
[Site "Limerick IRL"]
[Date "2024.06.06"]
[Round "8.2"]
[White "Pavlova, Maria"]
[Black "Grigore, Melania-Cristina"]
[Result "1/2-1/2"]
[WhiteElo "1467"]
[BlackElo "1438"]
[WhiteNationality "BUL"]
[BlackNationality "ROU"]
[WhiteFideId "2950960"]
[BlackFideId "42208432"]
[PlyCount "58"]
[ECO "B50"]
[Opening "Sicilian"]
[FIDETournamentId "372868"]
[ChessResultsKey "950043"]
[Venue "Main Building, University of Limerick"]
[EventDate "2024.05.31"]
[EventRounds "9"]
[TimeControl "5400+30"]

{ Event information: <a
href="https://www.irlchess.com/europeanschool2024g9_allfiles/pairings_europeanschool2024g9.html">Tournament
report</a>. }

1. e4 c5 2. Nf3 d6 3. c3 Nf6 4. Be2 g6 5. O-O Nbd7 6. d3 Bg7 7. Re1 O-O 8.
Bf1 b5 9. d4 cxd4 10. cxd4 a6 11. a3 Bb7 12. Nc3 Qb6 13. Bd2 Rfc8 14. Rc1
Rc7 15. d5 Rcc8 16. Be3 Qd8 17. Qd2 Ng4 18. h3 Nxe3 19. Qxe3 Qf8 20. Qd3
Nc5 21. Qc2 Na4 22. Qb3 Nxc3 23. bxc3 Rc7 24. c4 Rac8 25. a4 bxa4 26. Qxa4
Qe8 27. Qb4 Rb8 28. Rb1 Rcc8 29. Qa3 Qd7 1/2-1/2

[Event "European School Girls U9 Championship 2024"]
[Site "Limerick IRL"]
[Date "2024.06.06"]
[Round "8.4"]
[White "Constantin-Ciuntu, Anne-Sophie"]
[Black "Budumlu, Masal"]
[Result "1/2-1/2"]
[WhiteElo "1589"]
[BlackElo "1419"]
[WhiteNationality "ROU"]
[BlackNationality "TUR"]
[WhiteFideId "42210054"]
[BlackFideId "51678462"]
[PlyCount "75"]
[ECO "C45"]
[Opening "Scotch"]
[Variation "Potter variation"]
[FIDETournamentId "372868"]
[ChessResultsKey "950043"]
[Venue "Main Building, University of Limerick"]
[EventDate "2024.05.31"]
[EventRounds "9"]
[TimeControl "5400+30"]

{ Event information: <a
href="https://www.irlchess.com/europeanschool2024g9_allfiles/pairings_europeanschool2024g9.html">Tournament
report</a>. }

1. e4 e5 2. Nf3 Nc6 3. d4 exd4 4. Nxd4 Bc5 5. Nb3 Bb6 6. Nc3 Nge7 7. Qe2
O-O 8. Bg5 f6 9. Bh4 Re8 10. O-O-O Ng6 11. Bg3 d6 12. f4 f5 13. e5 Be6 14.
Nd5 Nce7 15. c4 Bxd5 16. cxd5 dxe5 17. Qc4 Kh8 18. fxe5 Be3+ 19. Kb1 f4 20.
Be1 Nxe5 21. Qe4 N7g6 22. Nd4 Bxd4 23. Qxd4 c6 24. d6 Re6 25. Bc3 Qb6 26.
Qxb6 axb6 27. Re1 Rae8 28. d7 Nxd7 29. Rxe6 Rxe6 30. Bc4 Re7 31. Rd1 h5 32.
Rd6 Nge5 33. Be6 b5 34. Bxd7 Nxd7 35. Rh6+ Kg8 36. Rxh5 Rf7 37. Rg5 Nf6 38.
Re5 1/2-1/2

[Event "European School Girls U9 Championship 2024"]
[Site "Limerick IRL"]
[Date "2024.06.06"]
[Round "8.5"]
[White "Gutserieva, Bierta"]
[Black "Tolan, Eslem"]
[Result "0-1"]
[WhiteElo "1429"]
[BlackElo "1566"]
[WhiteNationality "UKR"]
[BlackNationality "TUR"]
[WhiteFideId "34174818"]
[BlackFideId "51681188"]
[PlyCount "68"]
[ECO "A07"]
[Opening "Reti"]
[Variation "King's Indian attack (Barcza system)"]
[FIDETournamentId "372868"]
[ChessResultsKey "950043"]
[Venue "Main Building, University of Limerick"]
[EventDate "2024.05.31"]
[EventRounds "9"]
[TimeControl "5400+30"]

{ Event information: <a
href="https://www.irlchess.com/europeanschool2024g9_allfiles/pairings_europeanschool2024g9.html">Tournament
report</a>. }

1. Nf3 d5 2. g3 Nf6 3. Bg2 b6 4. O-O e6 5. d3 Bb7 6. Nbd2 Bd6 7. b3 O-O 8.
Bb2 Nbd7 9. Re1 c5 10. e4 dxe4 11. dxe4 Bc7 12. e5 Nd5 13. h4 a6 14. Ng5 h6
15. Nh3 Rb8 16. Qh5 Nb4 17. Be4 b5 18. a3 Nd5 19. g4 Ne7 20. g5 Bxe4 21.
Rxe4 Nf5 22. gxh6 Nxh6 23. Nf3 f6 24. Rd1 Qe7 25. Kh1 fxe5 26. Bxe5 Bxe5
27. Nxe5 Nf6 28. Ng6 Qf7 29. Qe5 Qxg6 30. Re2 Qg4 31. Kh2 Qxh4 32. Qxe6+
Kh8 33. Rg1 Nfg4+ 34. Kh1 Qxh3# 0-1

[Event "European School Girls U9 Championship 2024"]
[Site "Limerick IRL"]
[Date "2024.06.07"]
[Round "9.2"]
[White "Budumlu, Masal"]
[Black "Gutserieva, Bierta"]
[Result "0-1"]
[WhiteElo "1419"]
[BlackElo "1429"]
[WhiteNationality "TUR"]
[BlackNationality "UKR"]
[WhiteFideId "51678462"]
[BlackFideId "34174818"]
[PlyCount "136"]
[ECO "B40"]
[Opening "Sicilian defence"]
[FIDETournamentId "372868"]
[ChessResultsKey "950043"]
[Venue "Main Building, University of Limerick"]
[EventDate "2024.05.31"]
[EventRounds "9"]
[TimeControl "5400+30"]

{ Event information: <a
href="https://www.irlchess.com/europeanschool2024g9_allfiles/pairings_europeanschool2024g9.html">Tournament
report</a>. }

1. e4 c5 2. Nf3 e6 3. d4 cxd4 4. Nxd4 Bc5 5. Nb3 Bb6 6. Nc3 Ne7 7. Nb5 d5
8. exd5 Nxd5 9. c4 Nf6 10. Qxd8+ Kxd8 11. c5 Bc7 12. Be3 Be5 13. O-O-O+ Bd7
14. f4 Bc7 15. Nxc7 Kxc7 16. Bd4 Ba4 17. Be5+ Kc8 18. Bd3 Bxb3 19. axb3 Nc6
20. Bxf6 gxf6 21. Bb5 Kc7 22. Rd6 Rad8 23. Rhd1 a6 24. Rxd8 Rxd8 25. Rxd8
Kxd8 26. Bxc6 bxc6 27. Kd2 Kd7 28. Kd3 a5 29. Kd4 Ke7 30. Kc4 f5 31. b4
axb4 32. Kxb4 f6 33. Kc4 e5 34. g3 h6 35. b4 e4 36. Kd4 h5 37. h3 Kd7 38.
g4 fxg4 39. hxg4 hxg4 40. Kxe4 f5+ 41. Ke3 Ke7 42. Kf2 Ke6 43. Ke3 Kd5 44.
Kd3 g3 45. Ke3 g2 46. Kf2 g1=Q+ 47. Kxg1 Kc4 48. Kg2 Kxb4 49. Kg3 Kxc5 50.
Kh4 Kd5 51. Kg3 c5 52. Kf3 Kd4 53. Ke2 Ke4 54. Kd2 Kxf4 55. Ke2 Kg3 56. Kf1
c4 57. Ke2 f4 58. Ke1 f3 59. Kf1 f2 60. Ke2 Kg2 61. Kd1 f1=Q+ 62. Kc2 Qd3+
63. Kb2 c3+ 64. Kb3 c2+ 65. Kb2 Qd2 66. Kb3 c1=R 67. Ka3 Rb1 68. Ka4 Qa2#
0-1

[Event "European School Girls U9 Championship 2024"]
[Site "Limerick IRL"]
[Date "2024.06.07"]
[Round "9.3"]
[White "Keser, Irmak"]
[Black "Constantin-Ciuntu, Anne-Sophie"]
[Result "1-0"]
[WhiteElo "1636"]
[BlackElo "1589"]
[WhiteNationality "TUR"]
[BlackNationality "ROU"]
[WhiteFideId "51642840"]
[BlackFideId "42210054"]
[PlyCount "79"]
[ECO "D00"]
[Opening "Queen's pawn game"]
[FIDETournamentId "372868"]
[ChessResultsKey "950043"]
[Venue "Main Building, University of Limerick"]
[EventDate "2024.05.31"]
[EventRounds "9"]
[TimeControl "5400+30"]

{ Event information: <a
href="https://www.irlchess.com/europeanschool2024g9_allfiles/pairings_europeanschool2024g9.html">Tournament
report</a>. }

1. d4 d5 2. e3 c6 3. Bd3 Nf6 4. f4 e6 5. Nf3 Nbd7 6. Nbd2 Bd6 7. O-O Qc7 8.
Ne5 c5 9. c3 b6 10. Qe1 Bb7 11. Qg3 g6 12. Qe1 Bxe5 13. fxe5 Ne4 14. Qh4
Nxd2 15. Bxd2 Qd8 16. Qf4 Qe7 17. Rf2 g5 18. Qf3 h6 19. Raf1 f5 20. exf6
Qf7 21. e4 c4 22. Bc2 O-O-O 23. e5 Rdg8 24. b3 Ba6 25. Ra1 h5 26. Qe2 g4
27. Rff1 Kc7 28. bxc4 Bxc4 29. Bd3 Bxd3 30. Qxd3 Qg6 31. Qe2 Nb8 32. a4 Nc6
33. f7 Rf8 34. Rf6 Qg7 35. Raf1 Rh7 36. Qb5 Nd8 37. Qe8 Nxf7 38. Qxe6 Nd8
39. Qd6+ Kc8 40. Rxf8 1-0